 Dungeon Crawl Stone Soup version 0.30-a0-738-g116ff8c4af (webtiles) character file.

Game seed: 11261733132448133339

358 Leeroy the Covered (level 6, -2/30 HPs)
             Began as a Vine Stalker Warper on Feb 3, 2023.
             Constricted to death by Duvessa (5 damage)
             ... on level 5 of the Dungeon.
             The game lasted 00:03:27 (2083 turns).

Leeroy the Covered (Vine Stalker Warper)            Turns: 2083, Time: 00:03:27

Health: -2/30      AC: 16    Str: 14    XL:     6   Next: 64%
Magic:  0/10       EV: -3    Int: 13    God:
Gold:   150        SH:  5    Dex: 15    Spells: 7/9 levels left

rFire   + . .      SeeInvis .    n - +1 dagger (drain)
rCold   . . .      Faith    .    (no shield)
rNeg    . . .      Spirit   +    o - +0 crystal plate armour
rPois   .          Reflect  +    (no helmet)
rElec   .          Harm     .    (no cloak)
rCorr   .          Rampage  .    (no gloves)
Will    .....                    (no boots) Stlth
                                 A - amulet of reflection
HPRegen 1.05/turn                s - +4 ring of slaying
MPRegen 0.12/turn                D - ring of protection from fire

@: grasped by roots, constricted
A: fangs 2, regeneration 1, magic shield, antimagic bite, no potion heal 2
a: no special abilities


You were on level 5 of the Dungeon.
You visited 1 branch of the dungeon, and saw 4 of its levels.

You collected 150 gold pieces.

Inventory:

Hand Weapons
 a - a +0 falchion
 n - a +1 dagger of draining (weapon)
Missiles
 d - 7 boomerangs of dispersal (quivered)
 i - 5 boomerangs
 y - 2 poisoned darts
Armour
 b - a +0 leather armour
 o - a +0 crystal plate armour (worn)
 z - a +0 leather armour of poison resistance
Jewellery
 s - a +4 ring of slaying (left hand)
 A - an amulet of reflection (around neck)
 D - a ring of protection from fire (right hand)
Wands
 B - a wand of roots (7)
 E - a wand of mindburst (8)
Scrolls
 c - a scroll of amnesia {unknown}
 e - 3 scrolls of noise {unknown}
 f - a scroll of brand weapon {unknown}
 g - 2 scrolls of enchant weapon {unknown}
 j - 2 scrolls of identify {unknown}
 m - a scroll of enchant armour {unknown}
 t - a scroll of immolation {unknown}
 v - 2 scrolls of poison {unknown}
 w - a scroll of magic mapping {unknown}
 x - a scroll of fear {unknown}
 C - 2 scrolls of teleportation {unknown}
Potions
 h - a potion of haste {unknown}
 k - a potion of flight {unknown}
 l - a potion of mutation {unknown}
 p - 2 potions of brilliance {unknown}
 q - 2 potions of heal wounds {unknown}
 r - 2 potions of lignification {unknown}
 u - 2 potions of might {unknown}


   Skills:
 - Level 1.7 Fighting
 - Level 3.8 Long Blades
 - Level 0.8 Throwing
 + Level 4.4 Armour
 - Level 1.5 Dodging
 - Level 2.1 Spellcasting
 - Level 3.0 Translocations


You had 7 spell levels left.
You knew the following spells:

 Your Spells              Type           Power      Damage    Failure   Level
a - Blink                 Tloc           18%        N/A       100%        2

Your spell library contained the following spells:

 Spells                   Type           Power      Damage    Failure   Level
 Lesser Beckoning         Tloc           18%        N/A       100%        2
 Teleport Other           Tloc           9%         N/A       100%        3
 Vhi's Electric Charge    Tloc/Air       10%        N/A       100%        3
 Manifold Assault         Tloc           9%         N/A       100%        4


Dungeon Overview and Level Annotations

Branches:
Dungeon (3/15)

Altars:
Cheibriados

Shops:
D:5 =

Annotations:
D:5 Dowan, Duvessa


Innate Abilities, Weirdness & Mutations

You have extremely sharp teeth.
Your natural rate of healing is unusually fast.
When hurt, damage is shared between your health and your magic reserves.
Your bite disrupts and absorbs the magic of your enemies.
Potions cannot restore your health.


Message History

The grasping roots constrict you.
You hit Duvessa. You bite Duvessa. You drain her power.
You feel invigorated.
Duvessa is lightly wounded.
You block Duvessa's attack. The grasping roots constrict you!
The grasping roots release their grip on you.
You are too injured to fight recklessly!
You are too injured to fight recklessly!
You are too injured to fight recklessly!
Unknown command.
You barely miss Duvessa. You bite Duvessa, but do no damage.
Duvessa is lightly wounded.
Duvessa hits you with a +2 rapier of speed.
Duvessa hits you but does no damage.
You hit Duvessa. You drain Duvessa.
Duvessa is moderately wounded.
Duvessa zaps a wand.
The roots erupt in riotous growth!
The grasping roots grab you!
Duvessa is unaffected.
The grasping roots constrict you.
You barely miss Duvessa.
Duvessa is moderately wounded.
Duvessa hits you with a +2 rapier of speed!
* * * LOW HITPOINT WARNING * * *
The grasping roots constrict you.
* * * LOW HITPOINT WARNING * * *
Dowan gestures wildly while chanting.
Dowan blinks!
You barely miss Duvessa. You bite Duvessa. You drain her power.
You feel invigorated.
Duvessa is moderately wounded.
Duvessa says, "Practise, practise, practise!
One day you'll be as good as me." Duvessa hits you but does no damage.
The grasping roots constrict you.
Dowan gestures wildly while chanting.
Dowan blinks!
You puncture Duvessa! You bite Duvessa. You drain her power.
You feel invigorated.
Duvessa is severely wounded.
Duvessa hits you with a +2 rapier of speed!
* * * LOW HITPOINT WARNING * * *
The grasping roots constrict you.
You die...

#.# #..).......#
##.#####.###......#
#........# #e######
########## #.# #ยง#
#.# #.# #.# #@# #e#
#.# #.# #.# #.. ###


You could see Duvessa (drained) and Dowan.

Vanquished Creatures
  A sky beast (D:5)
  A scorpion (D:5)
  A howler monkey (D:5)
  A hound (D:5)
  An iguana (D:5)
  3 adders
  2 worms
  A dart slug (D:1)
  2 orcs (D:5)
  8 bats
  2 endoplasms (D:1)
  4 giant cockroaches
  9 goblins
  8 hobgoblins
  8 jackals
  2 quokkas
  2 ball pythons
  7 frilled lizards
  3 kobolds
  5 rats
71 creatures vanquished.

Notes
Turn   | Place    | Note
-------+----------+-------------------------------------------
     0 | D:1      | Leeroy the Vine Stalker Warper began the quest for the Orb.
     0 | D:1      | Reached XP level 1. HP: 11/11 MP: 4/4
   201 | D:1      | Reached XP level 2. HP: 10/15 MP: 3/6
   572 | D:1      | Reached XP level 3. HP: 18/18 MP: 7/7
   969 | D:2      | Gained mutation: Your natural rate of healing is unusually
                  | fast. [Vine Stalker growth]
   969 | D:2      | Reached XP level 4. HP: 3/23 MP: 1/8
  1024 | D:2      | Found a faded altar of an unknown god.
  1117 | D:2      | Reached skill level 1 in Armour
  1121 | D:2      | Learned a level 2 spell: Blink
  1580 | D:3      | You fall into a shaft and drop 2 floors!
  1580 | D:5      | Entered Level 5 of the Dungeon
  1773 | D:5      | Reached skill level 2 in Armour
  1773 | D:5      | Reached XP level 5. HP: 23/26 MP: 6/9
  1862 | D:5      | Found a snail-covered altar of Cheibriados.
  1893 | D:5      | Noticed a sky beast
  1898 | D:5      | Reached skill level 3 in Armour
  1910 | D:5      | Killed a sky beast
  1911 | D:5      | Reached skill level 4 in Armour
  1911 | D:5      | Reached XP level 6. HP: 26/30 MP: 5/10
  1985 | D:5      | Found Kijiadgh's Jewellery Emporium.
  2072 | D:5      | Noticed Duvessa
  2072 | D:5      | Noticed Dowan
  2083 | D:5      | Constricted to death by Duvessa

Illustrated notes

Levels and vault maps discovered:
D:1:      doesnt_arrival_eight_statues, layout_loops_corners
D:2:      cheibrodos_old_hovel, layout_rooms, shapermc_ecumenical_altar_ellora
D:3:      layout_rooms
D:5:      layout_basic, cheibrodos_worm_habitat, serial_shops, shop,
          uniq_duvessa

Skill      XL: |  1  2  3  4  5 |
---------------+----------------+-----
Long Blades    | 2 3 |  3.8
Armour         | 2 4 |  4.4
Fighting       | |  1.7
Throwing       | |  0.8
Dodging        | |  1.5
Spellcasting   | |  2.1
Translocations | |  3.0

Action                     |  1- 3 |  4- 6 || total
---------------------------+-------+-------++-------
  Melee: Falchion          |    66 |       ||    66
         Bite              |    20 |    25 ||    45
         Punch             |     1 |     1 ||     2
         Dagger            |    31 |    86 ||   117
    Use: Scroll            |     1 |       ||     1
   Stab: Sleeping          |     1 |       ||     1
 Armour: Leather armour    |    33 |     4 ||    37
         Crystal plate arm |       |    62 ||    62
  Dodge: Dodged            |    81 |    12 ||    93
  Block: Other             |       |     1 ||     1

Table legend: (Time is in decaauts)
 A = Elapsed time spent in this place.
 B = Non-inter-level travel time spent in this place.
 C = Inter-level travel time spent in this place.
 D = Time resting spent in this place.
 E = Time spent auto-exploring this place.
 F = Levels seen in this place.
 G = Mean time per level.
                   A        B        C        D        E       F      G
               +--------+--------+--------+--------+--------+-----+--------+
         Total |   2089 |   2045 |     44 |      0 |   1582 |   4 |  522.2 |
       Dungeon |   2089 |   2045 |     44 |      0 |   1582 |   4 |  522.2 |
               +--------+--------+--------+--------+--------+-----+--------+

Top non-repeatable levels by time:
     D:1: 929 daAuts
     D:2: 517 daAuts
     D:5: 507 daAuts
     D:3: 135 daAuts
